 Dungeon Crawl Stone Soup version 0.29-a0-986-gdf0a18e73c (webtiles) character file.

Game seed: 2679590718716578048

17956 KyoPewz the Thaumaturge (level 12, 0/86 HPs)
             Began as a Human Conjurer on Aug 2, 2022.
             Was an Initiate of Vehumet.
             Slain by a komodo dragon (17 damage)
             ... on level 1 of the Lair of Beasts.
             The game lasted 01:35:30 (16966 turns).

KyoPewz the Thaumaturge (Human Conjurer)           Turns: 16966, Time: 01:35:31

Health: 0/86       AC: 18    Str: 14    XL:     12   Next: 89%
Magic:  11/36      EV: 12    Int: 24    God:    Vehumet [......]
Gold:   337        SH:  0    Dex: 17    Spells: 4/33 levels left

rFire   x x .      SeeInvis .   a - +1 short sword (venom)
rCold   x x .      Faith    .   N - orb {light}
rNeg    + . .      Spirit   .   l - +4 robe of Augmentation {Str+4 Int+4 Dex+4}
rPois   +          Reflect  .   u - +0 helmet
rElec   .          Harm     .   J - +0 cloak
rCorr   .          Rampage  .   E - +1 pair of gloves
Will    .....                   (no boots)
Stlth   +.........              c - amulet of Elemental Vulnerability {rPois rF-- rC-- AC+8}
HPRegen 0.24/turn               t - ring of positive energy
MPRegen 0.25/turn               H - ring of magical power

@: glowing
A: no striking features
a: Renounce Religion


You were on level 1 of the Lair of Beasts.
You worshipped Vehumet.
Vehumet was noncommittal.
You visited 3 branches of the dungeon, and saw 13 of its levels.
You also visited: Ossuary.

You collected 721 gold pieces.
You spent 384 gold pieces at shops.

Inventory:

Hand Weapons
 a - a +1 short sword of venom (weapon)
 b - a +2 dagger of freezing
 q - a +2 short sword of draining
 O - a +1 dagger of venom
Missiles
 h - 58 stones
 p - a throwing net
Armour
 l - the +4 robe of Augmentation (worn) {Str+4 Int+4 Dex+4}
   (You found it on level 3 of the Dungeon)

   Str:       It affects your strength (+4).
   Int:       It affects your intelligence (+4).
   Dex:       It affects your dexterity (+4).
 u - a +0 helmet (worn)
 y - +0 steam dragon scales
 E - a +1 pair of gloves (worn)
 G - +0 acid dragon scales
 J - a +0 cloak (worn)
 M - a +0 troll leather armour
 N - an orb of light (worn)
 P - a +1 leather armour of poison resistance
Jewellery
 c - the amulet of Elemental Vulnerability (around neck) {rPois rF-- rC-- AC+8}
   (You found it on level 5 of the Dungeon)

   [amulet of nothing]

   AC:        It affects your AC (+8).
   rF:        It makes you very vulnerable to fire.
   rC:        It makes you very vulnerable to cold.
   rPois:     It protects you from poison.
 s - an amulet of the acrobat
 t - a ring of positive energy (left hand)
 H - a ring of magical power (right hand)
Wands
 g - a wand of mindburst (22)
 v - a wand of paralysis (17)
 C - a wand of light (14)
 D - a wand of flame (34)
Scrolls
 e - a scroll of fear
 n - 2 scrolls of enchant weapon
 o - 5 scrolls of teleportation
 w - a scroll of magic mapping
 x - a scroll of acquirement
 I - a scroll of poison
 L - 2 scrolls of identify
 Q - a scroll of fog
Potions
 d - 5 potions of magic
 f - 5 potions of curing
 i - 4 potions of brilliance
 j - 3 potions of haste
 k - 3 potions of attraction
 m - 3 potions of lignification
 r - 2 potions of heal wounds
 z - 4 potions of might
 A - 2 potions of flight
 B - 3 potions of mutation
 F - a potion of resistance
 K - a potion of ambrosia {unknown}


   Skills:
 - Level 5.0 Fighting
 - Level 2.1 Dodging
 - Level 2.1 Stealth
 - Level 11.0 Spellcasting
 - Level 9.0 Conjurations
 - Level 5.0 Hexes
 - Level 9.0 Fire Magic
 + Level 7.7 Air Magic
 + Level 2.9 Evocations


You had 4 spell levels left.
You knew the following spells:

 Your Spells              Type           Power      Damage    Failure   Level
b - Foxfire               Conj/Fire      100%       2x1d9     1%          1
c - Searing Ray           Conj           100%       2d8       1%          2
d - Dazzling Flash        Conj/Hex       92%        N/A       1%          3
e - Conjure Flame         Conj/Fire      54%        6-21      1%          3
f - Flame Wave            Conj/Fire      54%        2d13      1%          4
g - Fulminant Prism       Conj/Hex       23%        3d13      2%          4
h - Airstrike             Air            25%        0-9+      1%          4
i - Lightning Bolt        Conj/Air       26%        1d42      4%          5
j - Swiftness             Air            50%        N/A       1%          3

Your spell library contained the following spells:

 Spells                   Type           Power      Damage    Failure   Level
 Magic Dart               Conj           100%       1d8       1%          1
 Shock                    Conj/Air       100%       1d9       1%          1
 Static Discharge         Conj/Air       52%        3-10/arc  1%          2
 Inner Flame              Hex/Fire       46%        N/A       1%          3
 Apportation              Tloc           26%        N/A       4%          1
 Beastly Appendage        Tmut           26%        N/A       4%          1
 Portal Projectile        Hex/Tloc       50%        N/A       4%          3
 Wereblood                Tmut           13%        N/A       7%          2
 Iskenderun's Mystic Bla  Conj/Tloc      34%        2d8       8%          4
 Call Canine Familiar     Summ           13%        N/A       14%         3
 Ozocubu's Armour         Ice            13%        N/A       14%         3
 Spider Form              Tmut/Pois      13%        N/A       14%         3
 Leda's Liquefaction      Hex/Erth       12%        N/A       17%         4
 Alistair's Intoxication  Tmut/Pois      8%         N/A       78%         5


Dungeon Overview and Level Annotations

Branches:
Dungeon (11/15)            Temple (1/1) D:7            Lair (1/5) D:10
    Orc (0/2) D:10        Ossuary (visited)

Altars:
Ashenzari
Cheibriados
Dithmenos
Elyvilon
Fedhas
Gozag
Hepliaklqana
Kikubaaqudgha
Makhleb
Nemelex Xobeh
Okawaru
Qazlal
Ru
Sif Muna
Trog
Uskayaw
Vehumet
Wu Jian
Xom
Yredelemnul
Zin
The Shining One

Shops:
D:5 :   D:8 *

Annotations:
D:10 3 runed translucent doors, tensugalgo's ghost, journeyman DjHW


Message History

The komodo dragon closely misses you.
The searing ray hits the komodo dragon but does no damage.
The komodo dragon is moderately wounded.
The komodo dragon closely misses you.
The searing ray hits the komodo dragon.
The komodo dragon is moderately wounded.
The komodo dragon bites you!
The searing ray hits the komodo dragon.
The komodo dragon is moderately wounded.
You finish channelling your searing ray.
The komodo dragon bites you.
Casting: Searing Ray (safe; 1% risk of failure)
Confirm with . or Enter, or press ? or * to list all spells.
Okay, then.
Casting: Searing Ray (safe; 1% risk of failure)
Confirm with . or Enter, or press ? or * to list all spells.
Casting: Dazzling Flash (safe; 1% risk of failure)
Press: ? - help, Dir - look around, f - activate The komodo dragon is dazzled.
The komodo dragon bites you!
Casting: Dazzling Flash (safe; 1% risk of failure)
Confirm with . or Enter, or press ? or * to list all spells.
Aiming: Searing Ray (safe; 1% risk of failure)
Press: ? - help, Shift-Dir - straight line, f - komodo dragon
Aim: a komodo dragon (moderately wounded, blind, haloed, 90% to hit)
The searing ray hits the komodo dragon.
The komodo dragon is moderately wounded. (Press . to maintain the ray.)
The komodo dragon bites you but does no damage.
The searing ray hits the komodo dragon.
The komodo dragon is heavily wounded.
The komodo dragon bites you!!
The searing ray hits the komodo dragon.
The komodo dragon is heavily wounded.
The komodo dragon is no longer blind.
The komodo dragon bites you!
* * * LOW HITPOINT WARNING * * *
The searing ray hits the komodo dragon.
The komodo dragon is heavily wounded.
You finish channelling your searing ray.
The komodo dragon bites you!
You die...

.# ##.......†.....?....# .#
#..........[.......#
.#########..................#
..#P.#.....###..............#
..#.....#### #..............#
...##.### #...............#
.###### ##............### ##
##.#.........# #
#@.##......## # ##l###.#..##
##†####### .# #† .. ... ...
....


You could see a komodo dragon.

Vanquished Creatures
  A catoblepas (Lair:1)
  2 two-headed ogres
  Maggie (D:7)
  A cane toad (Lair:1)
  2 komodo dragons
  2 trolls (D:10)
  4 blink frogs (Lair:1)
  Sigmund (D:5)
  2 wyverns (D:9)
  A basilisk (Lair:1)
  6 yaks
  2 steam dragons (D:7)
  An acid dragon (D:10)
  5 water moccasins
  Duvessa (D:4)
  6 orc warriors
  2 black bears
  2 ice beasts
  A sky beast (D:8)
  3 ogres
  5 wolves (Lair:1)
  A phantom (D:6)
  7 bullfrogs
  Blork the orc (D:6)
  A necrophage (D:4)
  3 scorpions
  12 wights
  Dowan (D:4)
  2 howler monkeys (D:7)
  A centaur zombie (Ossuary)
  5 hounds
  A human zombie (Ossuary)
  A jelly (D:5)
  4 orc priests
  4 iguanas
  3 gnoll boudas
  16 orc wizards
  3 mummies
  Robin (D:4)
  16 gnolls
  7 adders
  A white imp (D:6)
  3 adder zombies (Ossuary)
  2 worms
  4 dart slugs
  39 orcs
  5 endoplasms
  5 giant cockroaches
  14 goblins
  11 hobgoblins
  7 jackals
  11 kobolds
  4 quokkas
  9 ball pythons
  4 bats
  6 frilled lizards
  2 goblin zombies (Ossuary)
  12 hobgoblin zombies
  4 jackal zombies (Ossuary)
  5 kobold zombies
  10 orc zombies (Ossuary)
  6 rats
  A rat zombie (Ossuary)
  A foxfire (D:9)
307 creatures vanquished.

Vanquished Creatures (collateral kills)
  2 foxfires
2 creatures vanquished.

Vanquished Creatures (others)
  A gnoll (D:7)
  793 foxfires
  21 fulminant prisms
  32 fungi
  23 plants
870 creatures vanquished.

Grand Total: 1179 creatures vanquished

Notes
Turn   | Place    | Note
-------+----------+-------------------------------------------
     0 | D:1      | KyoPewz the Human Conjurer began the quest for the Orb.
     0 | D:1      | Reached XP level 1. HP: 13/13 MP: 3/3
   105 | D:1      | Learned a level 1 spell: Foxfire
   174 | D:1      | Reached XP level 2. HP: 19/19 MP: 1/5
   177 | D:1      | Learned a level 2 spell: Searing Ray
   603 | D:1      | Reached XP level 3. HP: 21/24 MP: 3/6
   611 | D:1      | Reached skill level 1 in Fire Magic
  1274 | D:1      | Learned a level 3 spell: Dazzling Flash
  1614 | D:2      | Reached XP level 4. HP: 30/30 MP: 4/7
  2310 | D:3      | Found the +4 robe of Augmentation {Str+4 Int+4 Dex+4}
  2403 | D:3      | Found a faded altar of an unknown god.
  3463 | D:4      | Noticed an ogre
  3479 | D:4      | Noticed a scorpion
  3498 | D:4      | Killed a scorpion
  3499 | D:4      | Reached skill level 3 in Spellcasting
  3499 | D:4      | Reached XP level 5. HP: 35/35 MP: 1/9
  3570 | D:4      | Learned a level 3 spell: Conjure Flame
  3597 | D:4      | Reached skill level 5 in Conjurations
  3699 | D:4      | Noticed a bullfrog
  3703 | D:4      | Killed a bullfrog
  3704 | D:4      | Reached XP level 6. HP: 41/41 MP: 4/10
  3714 | D:4      | Reached skill level 1 in Hexes
  3953 | D:4      | Killed an ogre
  3954 | D:4      | Reached skill level 1 in Fighting
  4071 | D:4      | Reached XP level 7. HP: 48/48 MP: 8/11
  4779 | D:4      | Noticed Robin
  5460 | D:4      | Killed Robin
  5679 | D:4      | Noticed Duvessa
  5679 | D:4      | Noticed Dowan
  5712 | D:5      | Entered Level 5 of the Dungeon
  6644 | D:5      | Reached XP level 8. HP: 60/60 MP: 9/12
  6772 | D:5      | Found the amulet of Elemental Vulnerability {rPois rF--
                  | rC-- AC+8}
  6970 | D:5      | Learned a level 4 spell: Flame Wave
  7317 | D:5      | Noticed Sigmund
  7458 | D:5      | Found Napujuost's Book Shoppe.
  7771 | D:5      | Killed Sigmund
  7772 | D:5      | Reached skill level 4 in Spellcasting
  7772 | D:5      | Reached skill level 5 in Fire Magic
  8405 | D:4      | Killed Duvessa
  8409 | D:4      | Killed Dowan
  8643 | D:6      | Noticed Blork the orc
  8648 | D:6      | Killed Blork the orc
  8649 | D:6      | Reached XP level 9. HP: 64/65 MP: 7/15
  9269 | D:6      | Found a sand-covered staircase.
  9278 | Ossuary  | Entered an ossuary
 10780 | D:7      | Reached skill level 5 in Fighting
 10799 | D:7      | Reached skill level 5 in Spellcasting
 10996 | D:7      | Noticed Maggie
 11469 | D:7      | Reached XP level 10. HP: 55/74 MP: 3/17
 11759 | D:7      | Found a staircase to the Ecumenical Temple.
 11768 | Temple   | Entered the Ecumenical Temple
 12159 | D:7      | Reached skill level 5 in Hexes
 12432 | D:7      | Killed Maggie
 12751 | D:8      | Learned a level 4 spell: Fulminant Prism
 12782 | D:8      | Found a burning altar of Makhleb.
 12943 | D:8      | Found a bloodstained altar of Trog.
 12953 | D:8      | Found Mosouw's Merry Market.
 12961 | D:8      | Bought a ring of magical power for 240 gold pieces
 12961 | D:8      | Bought a potion of might for 48 gold pieces
 12961 | D:8      | Bought a potion of mutation for 96 gold pieces
 13752 | D:9      | Found a basalt altar of Yredelemnul.
 13774 | D:9      | Reached skill level 6 in Spellcasting
 14060 | D:9      | Noticed a two-headed ogre
 14070 | D:9      | Killed a two-headed ogre
 14071 | D:9      | Reached skill level 7 in Spellcasting
 14071 | D:9      | Reached XP level 11. HP: 40/79 MP: 12/21
 14246 | D:9      | Learned a level 4 spell: Airstrike
 14406 | D:9      | Got Sif Muna's Directory of Frostbite and the Nimbus
 14453 | D:10     | Entered Level 10 of the Dungeon
 14462 | D:10     | Reached skill level 1 in Air Magic
 14835 | D:10     | Found a staircase to the Orcish Mines.
 14927 | D:10     | Reached skill level 5 in Air Magic
 15352 | D:10     | Found a glowing silver altar of Zin.
 15355 | D:10     | Found a hide-covered altar of Uskayaw.
 15359 | D:10     | Found a hazy altar of Hepliaklqana.
 15359 | D:10     | Found a radiant altar of Vehumet.
 15359 | D:10     | Found an ornate altar of the Wu Jian Council.
 15359 | D:10     | Found a sacrificial altar of Ru.
 15361 | D:10     | Found a shimmering blue altar of Sif Muna.
 15367 | D:10     | Became a worshipper of Vehumet
 15421 | D:10     | Noticed a two-headed ogre
 15426 | D:10     | Killed a two-headed ogre
 15519 | D:10     | Found a staircase to the Lair.
 15531 | D:10     | Reached skill level 10 in Spellcasting
 15531 | D:10     | Reached XP level 12. HP: 86/86 MP: 26/26
 15538 | D:10     | Learned a level 5 spell: Lightning Bolt
 15542 | D:10     | Learned a level 3 spell: Swiftness
 15601 | D:10     | Found a snail-covered altar of Cheibriados.
 15631 | D:10     | Found a broken altar of Ashenzari.
 15750 | D:10     | Found a runed translucent gate.
 15750 | D:10     | Found a runed translucent gate.
 15752 | D:10     | Found a runed translucent gate.
 15753 | D:10     | Noticed tensugalgo's ghost (journeyman DjHW)
 15753 | D:10     | Noticed a nine-headed hydra
 15776 | Lair:1   | Entered Level 1 of the Lair of Beasts
 15815 | D:11     | Identified a scroll of acquirement
 15977 | Lair:1   | Reached skill level 1 in Evocations
 16119 | Lair:1   | Noticed a catoblepas
 16148 | Lair:1   | Killed a catoblepas
 16798 | Lair:1   | Reached skill level 11 in Spellcasting
 16966 | Lair:1   | Slain by a komodo dragon

Illustrated notes

Levels and vault maps discovered:
D:1:      heliophobic_arrival_glass_houses, layout_loops_ring
D:2:      layout_rooms, serial_corexii_hall, chequers_hall_statues_corner_a,
          corexii_hall_statues_deadend, corexii_hall_statues_l,
          corexii_hall_statues_i, chequers_hall_statues_y,
          corexii_hall_statues_i
D:3:      layout_loops_corners, shapermc_ecumenical_altar_mp_urbaneastern,
          minmay_misc_feat_ornament, hangedman_decor_points
D:4:      dreamdust_elfheim, layout_cave_pods, wad_orctagon, uniq_robin
D:5:      layout_gridville, serial_shops, shop, uniq_sigmund
D:6:      layout_basic, nicolae_ossuary_entry_giza, uniq_blork_the_orc
D:7:      layout_basic, minmay_temple_entry_waves, uniq_maggie
D:8:      layout_gridville, mainiacjoe_overflow_brackets,
          mainiacjoe_overflow_boulevard, nicolae_alphabet_shops
D:9:      layout_cave_pools, kennysheep_little_box, feat_on_display
D:10:     layout_cross, minitemple, mainiacjoe_overflow_catch_the_wave,
          due_lair_maze_entry_diamond, david_orc_4, gammafunk_ghost_hydra_chop
D:11:     minmay_shrinking_squares, layout_basic, minivault_25,
          minmay_misc_feat_five, minmay_variable_closet
Temple:   eino_wide_crystal_templ
Lair:1:   lemuel_reptile_caves, layout_cave_pods,
          chequers_serial_rivers_small_3, beast_lair_carwin_9

Skill      XL: |  1  2  3  4  5  6  7  8  9 10 11 12 |
---------------+-------------------------------------+-----
Fire Magic     | 1 2 4 5 7 8 9 |  9.0
Spellcasting   | 3 4 5 7 10 11 | 11.0
Conjurations   | 5 7 9 |  9.0
Hexes          | 2 3 4 5 |  5.0
Fighting       | 1 4 5 |  5.0
Air Magic      | 7 |  7.7
Evocations     | 2 |  2.9
Dodging        | |  2.1
Stealth        | |  2.1

Action                   |  1- 3 |  4- 6 |  7- 9 | 10-12 || total
-------------------------+-------+-------+-------+-------++-------
Melee: Club              |     6 |       |       |       ||     6
       Dagger            |     5 |    12 |    24 |       ||    41
       Punch             |       |       |     2 |       ||     2
       Short sword       |       |       |       |    13 ||    13
Throw: Stone             |       |       |     7 |       ||     7
 Cast: Magic Dart        |    62 |    58 |    53 |       ||   173
       Searing Ray       |     4 |     7 |    27 |    35 ||    73
       Foxfire           |       |    19 |   253 |   180 ||   452
       Conjure Flame     |       |     1 |    14 |     2 ||    17
       Fulminant Prism   |       |       |       |    21 ||    21
       Flame Wave        |       |       |       |     2 ||     2
       Airstrike         |       |       |       |     2 ||     2
       Dazzling Flash    |       |       |       |     1 ||     1
Evoke: Wand              |       |       |       |     2 ||     2
  Use: Scroll            |     2 |     1 |    10 |    11 ||    24
       Potion            |       |       |       |     2 ||     2
 Stab: Sleeping          |       |     3 |     2 |       ||     5
Armor: Robe              |     4 |     3 |    47 |    51 ||   105
Dodge: Dodged            |    16 |     7 |    84 |    63 ||   170

Table legend: (Time is in decaauts)
 A = Elapsed time spent in this place.
 B = Non-inter-level travel time spent in this place.
 C = Inter-level travel time spent in this place.
 D = Time resting spent in this place.
 E = Time spent auto-exploring this place.
 F = Levels seen in this place.
 G = Mean time per level.
                   A        B        C        D        E       F      G
               +--------+--------+--------+--------+--------+-----+--------+
         Total |  16975 |  16097 |    878 |   4725 |   7411 |  14 | 1212.5 |
       Dungeon |  14600 |  13729 |    871 |   3523 |   6910 |  11 | 1327.3 |
        Temple |    355 |    348 |      7 |    297 |     36 |   1 |  355.0 |
          Lair |   1156 |   1156 |      0 |    476 |    444 |   1 | 1156.0 |
       Ossuary |    862 |    862 |      0 |    429 |     21 |   1 |  862.0 |
               +--------+--------+--------+--------+--------+-----+--------+

Top non-repeatable levels by time:
     D:4: 3039 daAuts
     D:3: 1902 daAuts
     D:6: 1526 daAuts
     D:5: 1506 daAuts
     D:9: 1450 daAuts
     D:7: 1390 daAuts
     D:1: 1284 daAuts
  Lair:1: 1156 daAuts
    D:10: 961 daAuts
     D:2: 908 daAuts
 Ossuary: 862 daAuts
     D:8: 620 daAuts
  Temple: 355 daAuts
    D:11: 11 daAuts
